 Dungeon Crawl Stone Soup version 0.29.1-12-g30fa7ad0bf (webtiles) character file.

Game seed: 14700930801820395709

1534 Coaxmetal the Digger (level 8, -7/41 HPs)
             Began as a Gargoyle Earth Elementalist on Dec 18, 2022.
             Was a Follower of Vehumet.
             Mangled by a vampire mosquito (8 damage)
             ... on level 6 of the Dungeon.
             The game lasted 00:06:36 (5466 turns).

Coaxmetal the Digger (Gargoyle Earth Elementalist)  Turns: 5466, Time: 00:06:36

Health: -7/41      AC:  8    Str: 12    XL:     8   Next: 86%
Magic:  13/17      EV: 13    Int: 18    God:    Vehumet [*.....]
Gold:   273        SH:  0    Dex: 10    Spells: 15/19 levels left

rFire   . . .      SeeInvis .   F - +1 whip (elec)
rCold   . . .      Faith    .   (no shield)
rNeg    + . .      Spirit   .   a - +0 robe
rPois   ∞          Reflect  .   (no helmet)
rElec   +          Harm     .   (no cloak)
rCorr   .          Rampage  .   D - +0 pair of gloves
Will    .....                   (no boots)
Stlth   ++........              (no amulet)
HPRegen 0.13/turn               (no ring)
MPRegen 0.15/turn               (no ring)

@: very slightly contaminated
A: sickness immunity, AC +5, negative energy resistance 1, electricity
resistance, torment resistance 1, petrification resistance
a: Renounce Religion


You were on level 6 of the Dungeon.
You worshipped Vehumet.
Vehumet was aware of your devotion.
You visited 2 branches of the dungeon, and saw 7 of its levels.

You collected 273 gold pieces.

Inventory:

Hand Weapons
 k - a +0 vampiric scythe
 F - a +1 whip of electrocution (weapon)
Missiles
 w - a throwing net
 y - 6 javelins
Armour
 a - a +0 robe (worn)
 n - the +1 pair of gloves "Feirhaddom" {Will- Regen+ Int+4}
   (You found it on level 2 of the Dungeon)

   Int:       It affects your intelligence (+4).
   Regen:     It increases your rate of health regeneration.
   Will:      It decreases your willpower.
 o - a +0 kite shield
 D - a +0 pair of gloves (worn)
Jewellery
 z - an amulet of faith
Wands
 j - a wand of polymorph (6)
 C - a wand of paralysis (4)
Scrolls
 d - a scroll of noise {unknown}
 e - 7 scrolls of identify
 l - a scroll of magic mapping {unknown}
 p - a scroll of fear {unknown}
 q - 3 scrolls of poison
 s - a scroll of enchant weapon {unknown}
 t - 2 scrolls of vulnerability {unknown}
 v - a scroll of blinking {unknown}
 x - a scroll of brand weapon {unknown}
 E - a scroll of teleportation {unknown}
Potions
 b - a potion of magic
 c - 4 potions of resistance {unknown}
 f - 2 potions of flight {unknown}
 g - 2 potions of might {unknown}
 h - a potion of ambrosia {unknown}
 i - 4 potions of curing {unknown}
 m - 2 potions of haste {unknown}
 r - a potion of berserk rage {unknown}
 u - 2 potions of attraction {unknown}
 A - 2 potions of brilliance {unknown}
 B - a potion of invisibility {unknown}


   Skills:
 + Level 4.1 Dodging
 - Level 2.1 Stealth
 + Level 6.2 Spellcasting
 + Level 4.8 Conjurations
 - Level 0.7 Transmutations
 + Level 7.5 Earth Magic


You had 15 spell levels left.
You knew the following spells:

 Your Spells              Type           Power      Damage    Failure   Level
a - Sandblast             Erth           64%        2d14      1%          1
b - Stone Arrow           Conj/Erth      54%        3d10      2%          3

Your spell library contained the following spells:

 Spells                   Type           Power      Damage    Failure   Level
 Freeze                   Ice            20%        1d4       12%         1
 Magic Dart               Conj           92%        1d7       1%          1
 Searing Ray              Conj           46%        2d6       2%          2
 Passwall                 Tmut/Erth      16%        N/A       3%          2
 Beastly Appendage        Tmut           16%        N/A       9%          1
 Wereblood                Tmut           8%         N/A       13%         2
 Call Imp                 Summ           5%         N/A       19%         2
 Mephitic Cloud           Conj/Pois/Air  11%        N/A       19%         3
 Petrify                  Tmut/Erth      20%        N/A       22%         4
 Spider Form              Tmut/Pois      6%         N/A       30%         3
 Fulminant Prism          Conj/Hex       7%         3d7       38%         4


Dungeon Overview and Level Annotations

Branches:
Dungeon (6/15)             Temple (1/1) D:4

Altars:
Ashenzari
Cheibriados
Dithmenos
Elyvilon
Fedhas
Gozag
Hepliaklqana
Nemelex Xobeh
Okawaru
Qazlal
Ru
Vehumet
Wu Jian
Yredelemnul
Zin
The Shining One

Shops:
D:3 *   D:5 (   D:6 =


Innate Abilities, Weirdness & Mutations

You are immune to sickness and miasma.
Your stone body is resilient. (AC +5)
You are immune to poison.
You resist negative energy. (rN+)
You are resistant to electric shocks. (rElec)
You are resistant to unholy torment.
You are immune to petrification.


Message History

Your Dodging skill increases to level 4!
Casting: Sandblast (safe; 1% risk of failure)
Confirm with . or Enter, or press ? or * to list all spells.
Aiming: Stone Arrow (dangerous; 2% risk of failure)
Press: ? - help, Shift-Dir - straight line, f - vampire mosquito
Aim: a vampire mosquito (53% to hit)
You miscast Stone Arrow.
You are very lightly contaminated with residual magic.
Nothing appears to happen.
The vampire mosquito bites you.
The vampire mosquito bites you but does no damage.
The vampire mosquito bites you.
Casting: Stone Arrow (dangerous; 2% risk of failure)
Confirm with . or Enter, or press ? or * to list all spells.
Aiming: Stone Arrow (dangerous; 2% risk of failure)
Press: ? - help, Shift-Dir - straight line, f/p - vampire mosquito
Aim: a vampire mosquito (53% to hit)
Okay, then.
Casting: Stone Arrow (dangerous; 2% risk of failure)
Confirm with . or Enter, or press ? or * to list all spells.
Aiming: Sandblast (safe; 1% risk of failure)
Press: ? - help, Shift-Dir - straight line, f - vampire mosquito, p - vampire mosquito
Aim: a vampire mosquito (73% to hit)
The blast of sand hits the vampire mosquito.
The vampire mosquito is lightly damaged.
The vampire mosquito bites you.
The vampire mosquito closely misses you.
The vampire mosquito bites you!
The vampire mosquito completely misses you.
The vampire mosquito bites you. x2; The vampire mosquito barely misses you.
The vampire mosquito bites you!
* * * LOW HITPOINT WARNING * * *
Unknown command.
As you read the scroll labelled ATSAKAHEPN, it crumbles to dust.
It is a scroll of identify.
q - 3 scrolls of poison The vampire mosquito closely misses you.
The vampire mosquito bites you.
* * * LOW HITPOINT WARNING * * *
The vampire mosquito bites you!
You die...

#.........##
##...#....##
##...#######
######....#
#...##...##
#........#
#........#
#....#...#
#.y@.#...#
#..yy....#
#........#
##.......#
#.....###
..##### ..
#.#


You could see 3 vampire mosquitoes.

Vanquished Creatures
  Sigmund (D:2)
  A vampire mosquito (D:6)
  Menkaure (D:4)
  2 black bears (D:5)
  An ice beast (D:6)
  2 phantoms (D:5)
  A bullfrog (D:6)
  5 scorpions
  A hound (D:6)
  A gnoll bouda (D:5)
  An orc priest (D:5)
  Jessica (D:3)
  Terence (D:3)
  An orc wizard (D:5)
  8 gnolls
  7 adders
  A worm (D:4)
  6 orcs
  3 endoplasms
  A giant cockroach (D:3)
  4 goblins
  7 hobgoblins
  4 jackals (D:1)
  5 kobolds
  3 quokkas
  2 ball pythons (D:2)
  7 bats
  A frilled lizard (D:3)
  9 rats
88 creatures vanquished.

Vanquished Creatures (others)
  A plant (D:1)
1 creature vanquished.

Grand Total: 89 creatures vanquished

Notes
Turn   | Place    | Note
-------+----------+-------------------------------------------
     0 | D:1      | Coaxmetal the Gargoyle Earth Elementalist began the quest
                  | for the Orb.
     0 | D:1      | Reached XP level 1. HP: 10/10 MP: 3/3
   146 | D:1      | Reached skill level 4 in Earth Magic
   146 | D:1      | Reached XP level 2. HP: 12/15 MP: 0/5
   442 | D:1      | Found a faded altar of an unknown god.
  1349 | D:2      | Noticed Sigmund
  1363 | D:2      | Killed Sigmund
  1364 | D:2      | Reached skill level 5 in Earth Magic
  1364 | D:2      | Reached XP level 3. HP: 15/19 MP: 1/9
  1364 | D:2      | Reached XP level 4. HP: 19/24 MP: 1/10
  1364 | D:2      | Reached XP level 5. HP: 22/28 MP: 1/11
  2030 | D:2      | Learned a level 3 spell: Stone Arrow
  2192 | D:2      | Identified the +1 pair of gloves "Feirhaddom" {Will- Regen+
                  | Int+4}
  2429 | D:3      | Noticed Jessica
  2431 | D:3      | Killed Jessica
  2682 | D:3      | Reached XP level 6. HP: 32/32 MP: 11/13
  2707 | D:3      | Found Erop's Assorted Antiques.
  2711 | D:3      | Noticed Terence
  2719 | D:3      | Killed Terence
  2720 | D:3      | Reached skill level 1 in Conjurations
  3205 | D:4      | Noticed Menkaure
  3209 | D:4      | Killed Menkaure
  3283 | D:4      | Reached skill level 5 in Spellcasting
  3551 | D:4      | Found a staircase to the Ecumenical Temple.
  3625 | D:4      | Found a sparkling altar of Nemelex Xobeh.
  3707 | Temple   | Entered the Ecumenical Temple
  3753 | Temple   | Became a worshipper of Vehumet
  3870 | D:4      | Found a white marble altar of Elyvilon.
  3897 | D:4      | Reached XP level 7. HP: 36/36 MP: 12/14
  4017 | D:5      | Entered Level 5 of the Dungeon
  4060 | D:5      | Found Maptarph's Weapon Shop.
  4108 | D:5      | Reached skill level 6 in Earth Magic
  4553 | D:5      | Reached XP level 8. HP: 41/41 MP: 6/16
  4894 | D:5      | Found a hazy altar of Hepliaklqana.
  5127 | D:6      | Found Vosoemac's Jewellery Shop.
  5203 | D:6      | Reached * piety under Vehumet
  5203 | D:6      | Offered knowledge of Freeze by Vehumet.
  5204 | D:6      | Reached skill level 7 in Earth Magic
  5466 | D:6      | HP: 1/41 [vampire mosquito (4)]
  5466 | D:6      | Mangled by a vampire mosquito

Illustrated notes

Levels and vault maps discovered:
D:1:      eino_arrival_cavern_b, layout_basic, ebering_ecumenical_altar_webs,
          serial_bayou_pond_c, chequers_big_river, nrook_mini_backslash
D:2:      layout_loops_corners, uniq_sigmund
D:3:      layout_basic, serial_shops, shop, uniq_terence, uniq_jessica
D:4:      layout_basic, mainiacjoe_overflow_six_doors_small,
          nemelex_diamond_rough_becter, temple_hall, uniq_menkaure
D:5:      layout_loops_ring, mainiacjoe_overflow_alcove_1, serial_shops,
          nicolae_shop_waterfront, hangedman_decor_clover_reticule
D:6:      layout_layer_cave, serial_shops, shop
Temple:   cyrus_circular_temple

Skill      XL: |  1  2  3  4  5  6  7  8 |
---------------+-------------------------+-----
Earth Magic    | 4 5 6 7 |  7.5
Spellcasting   | 4 5 6 |  6.2
Conjurations   | 2 3 4 |  4.8
Dodging        | 2 3 4 |  4.1
Stealth        | |  2.1
Transmutations | |  0.7

Action                   |  1- 3 |  4- 6 |  7- 9 || total
-------------------------+-------+-------+-------++-------
Melee: Unarmed           |     7 |       |       ||     7
Throw: Javelin           |       |       |     3 ||     3
 Cast: Sandblast         |    33 |    53 |    66 ||   152
       Stone Arrow       |       |       |    10 ||    10
  Use: Scroll            |       |       |     1 ||     1
Armor: Robe              |     9 |     3 |    19 ||    31
       Skin              |     3 |       |       ||     3
Dodge: Dodged            |    27 |     7 |    25 ||    59
